 Dungeon Crawl Stone Soup version 0.18.1-50-g88ac8fd (webtiles) character file.

4532 Amnesiac the Brilliant (level 10, -8/54 HPs)
             Began as a Deep Elf Fighter on Mar 2, 2018.
             Was a High Priest of Pakellas.
             Mangled by an orc wizard
             ... wielding a +0 dagger of electrocution
              (16 damage)
             ... on level 10 of the Dungeon.
             The game lasted 00:24:41 (11947 turns).

Amnesiac the Brilliant (Deep Elf Fighter)          Turns: 11947, Time: 00:24:41

Health: -8/54      AC: 11    Str: 16    XL:     10   Next: 17%
Magic:  30/30      EV: 12    Int: 14    God:    Pakellas [*****.]
Gold:   463        SH:  8    Dex: 14    Spells: 1 memorised, 7 levels left

rFire  . . .     SeeInvis .     a - +2 short sword (drain)
rCold  . . .     Gourm    +     y - +3 leather armour
rNeg   . . .     Faith    .     c - +0 shield
rPois  .         Spirit   .     o - +0 helmet
rElec  .         Dismiss  .     w - +0 cloak
rCorr  .         Reflect  .     R - +0 pair of gloves
SustAt .         Harm     .     K - +1 pair of boots {Fly}
MR     +....                    l - amulet of the gourmand
Stlth  +.........               B - ring of magical power (curse)
                                (no ring)

@: lethally poisoned (-8 -> -10), somewhat resistant to hostile enchantments,
very unstealthy
A: no striking features
a: Quick Charge, Device Surge, Renounce Religion, Evoke Flight


You were on level 10 of the Dungeon.
You worshipped Pakellas.
Pakellas was extremely pleased with you.
You were very full.

You visited 1 branch of the dungeon, and saw 10 of its levels.

You collected 694 gold pieces.
You spent 231 gold pieces at shops.

Inventory:

Hand Weapons
 a - a +2 short sword of draining (weapon)
 V - a +0 dagger of chaos
 Z - the +6 dagger "Jan Dar" {pierce, Str-4 Dex+9}
   (You found it on level 7 of the Dungeon)

   It inflicts extra damage upon your enemies.
   It affects your strength (-4).
   It affects your dexterity (+9).
Missiles
 u - 3 throwing nets (quivered)
 J - 101 arrows
 N - 22 poisoned needles
Armour
 c - a +0 shield (worn)
 o - a +0 helmet (worn)
 w - a +0 cloak (worn)
 y - a +3 leather armour (worn)
 C - a +0 plate armour
 K - a +1 pair of boots of flying (worn)
 R - a +0 pair of gloves (worn)
Rods
 b - a +2 rod of shadows (12/12)
   (Pakellas gifted it to you on level 9 of the Dungeon)
Jewellery
 j - an uncursed ring of teleportation
 l - an amulet of the gourmand (around neck)
 x - an uncursed ring of fire
 B - a cursed ring of magical power (right hand)
Wands
 n - a wand of polymorph (11/24)
 F - a wand of digging (8/24)
 M - a wand of iceblast (1/15)
Scrolls
 i - 4 scrolls of enchant weapon {!r}
 q - 5 scrolls of remove curse {!r}
 s - a scroll of amnesia {!r}
 v - 3 scrolls of blinking {!r}
 H - a scroll of magic mapping {!r}
 P - 5 scrolls of teleportation {!r}
 T - 2 scrolls of recharging {!r}
 X - 2 scrolls of identify {!r}
 Y - a scroll of holy word {!r, unknown}
Potions
 d - 3 potions of might {!q}
 m - a potion of invisibility {!q}
 r - 3 potions of mutation {!q}
 t - a potion of resistance {!q, unknown}
 z - 2 potions of lignification {!q, unknown}
 D - a potion of flight {!q}
 E - a potion of curing {!q}
 G - 3 potions of magic {!q}
 I - a potion of agility {!q, unknown}
 Q - 2 potions of cancellation {!q}
 S - 2 potions of heal wounds {!q}
Miscellaneous
 A - a sack of spiders {used: 5}
 U - a lamp of fire (inert)
Comestibles
 f - 7 bread rations
 g - 2 beef jerkies
 h - 4 meat rations
 k - 3 slices of pizza
 p - 2 fruits
 L - a royal jelly
 O - 10 chunks of flesh


   Skills:
 - Level 2.4 Fighting
 - Level 8.0 Short Blades
 - Level 2.4 Armour
 - Level 6.0 Dodging
 - Level 2.4 Shields
 + Level 12.3 Evocations


You had 7 spell levels left.
You knew the following spells:

 Your Spells              Type           Power        Failure   Level  Hunger
a - Sticks to Snakes      Trmt           #.......     100%        2    ###....


Dungeon Overview and Level Annotations

Branches:
Dungeon (10/15)            Temple (0/1) D:5            Lair (0/8) D:9
    Orc: D:9-12

Altars:
Elyvilon
Fedhas
Gozag
Makhleb
Pakellas
Trog
Xom
Yredelemnul

Shops:
D:3 *   D:5 }   D:6 *

Annotations:
D:5 exclusion: ogre
D:10 exclusion: troll


Message History

* * * LOW HITPOINT WARNING * * *
You block the killer bee's attack.
You barely miss the killer bee.
The killer bee is almost dead.
The killer bee barely misses you.
The orc wizard gestures at you while chanting.
You block the puff of flame.
Drink which item? (? for menu, Esc to quit)
Really quaff
e - a potion of ambrosia {!q}?
You are confused.
You feel invigorated.
You feel sick.
The killer bee stings you but does no damage. x2
You bump into the rock wall.
You feel sick. The killer bee barely misses you.
The killer bee stings you but does no damage.
The orc wizard barely misses you.
You bump into the rock wall.
The killer bee closely misses you. The killer bee stings you.
* * * LOW HITPOINT WARNING * * *
The orc wizard barely misses you.
You bump into the rock wall.
You feel less invigorated.
You feel less confused.
You feel sick. The killer bee closely misses you.
You block the killer bee's attack.
The orc wizard gestures wildly while chanting.
The orc wizard seems to speed up.
You hit the killer bee.
You kill the killer bee!
Pakellas accepts your kill. The orc wizard misses you.
You hit the orc wizard. You drain the orc wizard!
The orc wizard is moderately wounded.
You feel sick. The orc wizard misses you.
You closely miss the orc wizard.
The orc wizard is moderately wounded.
You block the orc wizard's attack.
You hit the orc wizard.
The orc wizard is heavily wounded.
You feel sick.
The orc wizard looks braver for a moment.
The orc wizard hits you with a dagger of electrocution.
* * * LOW HITPOINT WARNING * * *
You hit the orc wizard.
The orc wizard is heavily wounded.
The orc wizard gestures at you while chanting.
The puff of frost hits you!
* * * LOW HITPOINT WARNING * * *
You barely miss the orc wizard.
The orc wizard is heavily wounded.
The orc wizard hits you but does no damage.
You closely miss the orc wizard.
The orc wizard is heavily wounded.
You feel sick. The orc wizard casts a spell at you.
You block the puff of flame.
You hit the orc wizard.
The orc wizard is severely wounded.
The orc wizard hits you but does no damage.
You hit the orc wizard but do no damage.
You drain the orc wizard!
The orc wizard is almost dead.
The orc wizard hits you but does no damage.
You are electrocuted!
You die...
Pakellas says: Back to the drawing board! .... #...... yyy

#..... ... #..T> y. ...
##.# #'# #.. #.####
###.### #./..#
#.....##########'####
#.....)..@oo###.....# ###
#.....#####..##.....####..
#.....# ##..'.....'....#
#.....# ####.....######
#.....# #.....# #######
#######


You could see an orc wizard and an orc.

Vanquished Creatures
  A komodo dragon (D:9)
  Psyche (D:8)
  A steam dragon (D:8)
  2 water moccasins (D:9)
  2 orc warriors
  2 ogres
  2 phantoms
  2 wolves
  4 centaurs
  3 big kobolds
  8 giant frogs
  7 killer bees
  2 howler monkeys
  3 crimson imps
  2 quasits
  5 hounds
  2 iron imps (D:4)
  A jelly (D:8)
  2 orc priests (D:9)
  6 orc wizards
  3 iguanas
  3 worker ants
  A hound skeleton (D:5)
  A howler monkey zombie (D:8)
  6 gnolls
  13 adders
  2 oozes
  An adder skeleton (D:9)
  An adder zombie (D:5)
  5 worms (D:2)
  5 dart slugs
  5 giant geckos
  22 orcs
  3 ball pythons
  2 giant cockroaches
  12 hobgoblins
  12 jackals
  38 kobolds
  4 quokkas
  4 bats
  9 giant newts
  9 goblins
  A jackal skeleton (D:6)
  A quokka skeleton (D:5)
  A quokka zombie (D:5)
  7 rats
229 creatures vanquished.

Vanquished Creatures (collateral kills)
  The ghost of Amnesiac the Ducker, an amateur DEFi (D:4)
  An eye of draining (D:8)
  A tengu (D:5)
  3 big kobolds (D:4)
  A giant frog (D:7)
  4 wights (D:7)
  An iron imp (D:4)
  A gnoll (D:4)
  A giant gecko (D:4)
  A giant cockroach (D:8)
  A goblin (D:4)
  3 kobolds (D:4)
19 creatures vanquished.

Vanquished Creatures (others)
  An ooze (D:1)
  3 jackals (D:1)
  A giant newt (D:1)
  A kobold (D:1)
  A rat (D:1)
  3 plants (D:9)
10 creatures vanquished.

Grand Total: 258 creatures vanquished

Notes
Turn   | Place    | Note
--------------------------------------------------------------
     0 | D:1      | Amnesiac the Deep Elf Fighter began the quest for the Orb.
     0 | D:1      | Reached XP level 1. HP: 13/13 MP: 3/3
    77 | D:1      | Reached skill level 1 in Dodging
   152 | D:1      | Reached XP level 2. HP: 14/18 MP: 4/4
   238 | D:2      | Found a blossoming altar of Fedhas.
   434 | D:1      | Reached XP level 3. HP: 16/22 MP: 5/5
  1277 | D:2      | Reached XP level 4. HP: 22/27 MP: 6/6
  1918 | D:2      | Reached skill level 5 in Dodging
  2706 | D:3      | Found Gozag's Platinum Reserve.
  2707 | D:3      | Found an opulent altar of Gozag.
  2776 | D:3      | Reached XP level 5. HP: 26/31 MP: 7/7
  2838 | D:3      | Found an oddly glowing altar of Pakellas.
  2984 | D:3      | Became a worshipper of Pakellas the Inventive
  3625 | D:4      | Noticed Amnesiac's ghost (amateur DEFi)
  3953 | D:3      | Reached skill level 2 in Evocations
  4355 | D:4      | Reached * piety under Pakellas
  4355 | D:4      | Received a gift from Pakellas
  4611 | D:5      | Entered Level 5 of the Dungeon
  4731 | D:5      | Noticed an ogre
  4770 | D:5      | Reached skill level 3 in Evocations
  4770 | D:5      | Reached XP level 6. HP: 34/36 MP: 10/10
  4827 | D:5      | Reached ** piety under Pakellas
  4827 | D:5      | Received a gift from Pakellas
  5224 | D:5      | Found a staircase to the Ecumenical Temple.
  5299 | D:5      | Reached skill level 4 in Evocations
  5452 | D:5      | Noticed Grinder
  5463 | D:5      | Noticed Grinder
  5463 | D:5      | Grinder changed into Grinder the quasit
  5481 | D:5      | Killed Grinder the quasit
  5694 | D:5      | Reached skill level 5 in Evocations
  5941 | D:5      | Found a basalt altar of Yredelemnul.
  5981 | D:5      | Found Tusoc's Gadget Boutique.
  6115 | D:5      | Found a white marble altar of Elyvilon.
  6225 | D:5      | Reached XP level 7. HP: 12/40 MP: 13/13
  6520 | D:4      | Killed Amnesiac's ghost
  6520 | D:4      | Reached skill level 6 in Evocations
  6962 | D:4      | Reached skill level 7 in Evocations
  7325 | D:4      | Found a burning altar of Makhleb.
  7394 | D:4      | Reached skill level 8 in Evocations
  7602 | D:5      | Reached XP level 8. HP: 39/45 MP: 16/16
  7661 | D:6      | Found Wuattieb's General Store.
  7669 | D:6      | Bought a +1 pair of boots of flying for 231 gold pieces
  7766 | D:6      | Reached *** piety under Pakellas
  7766 | D:6      | Received a gift from Pakellas
  7824 | D:6      | Reached skill level 9 in Evocations
  7850 | D:6      | Got a twisted flail
  8154 | D:6      | Learned a level 2 spell: Sticks to Snakes
  8650 | D:7      | Reached skill level 5 in Short Blades
  8669 | D:7      | Got a slimy dagger
  8670 | D:7      | Identified the +6 dagger "Jan Dar" {pierce, Str-4 Dex+9} (You found it on level 7 of the Dungeon)
  8671 | D:7      | Identified the +4 flail of Matyzar {freeze, Str+3 Int+3} (You found it on level 6 of the Dungeon)
  8775 | D:7      | Found a bloodstained altar of Trog.
  9234 | D:7      | Reached XP level 9. HP: 49/49 MP: 17/17
  9290 | D:7      | Found a shimmering altar of Xom.
  9372 | D:7      | Reached **** piety under Pakellas
  9372 | D:7      | Received a gift from Pakellas
  9545 | D:8      | Noticed Psyche
  9552 | D:8      | Killed Psyche
  9944 | D:8      | Reached skill level 10 in Evocations
 10647 | D:9      | Reached skill level 11 in Evocations
 10919 | D:9      | Found a staircase to the Lair.
 11287 | D:9      | Noticed a komodo dragon
 11294 | D:9      | Reached ***** piety under Pakellas
 11294 | D:9      | Received a gift from Pakellas
 11317 | D:9      | Killed a komodo dragon
 11317 | D:9      | Reached XP level 10. HP: 37/54 MP: 20/20
 11338 | D:9      | Identified a +2 rod of shadows (12/12) (Pakellas gifted it to you on level 9 of the Dungeon)
 11575 | D:10     | Entered Level 10 of the Dungeon
 11818 | D:10     | Reached skill level 12 in Evocations
 11947 | D:10     | Mangled by an orc wizard

Skill      XL: |  1  2  3  4  5  6  7  8  9 10 |
---------------+-------------------------------+-----
Dodging        | 2 3 4 5 6 |  6.0
Evocations     | 3 5 8 9 11 12 | 12.3
Short Blades   | 6 8 |  8.0
Fighting       | |  2.4
Armour         | |  2.4
Shields        | |  2.4

Action                   |  1- 3 |  4- 6 |  7- 9 | 10-12 || total
-------------------------+-------+-------+-------+-------++-------
Melee: Rapier            |   144 |   531 |    89 |       ||   764
       Short sword       |       |       |   419 |    93 ||   512
       Dagger            |       |       |    74 |       ||    74
 Abil: Stop Flying       |       |       |     1 |       ||     1
Evoke: Wand              |       |     4 |     8 |     3 ||    15
       Sack of spiders   |       |       |    10 |       ||    10
       Lamp of fire      |       |       |     1 |       ||     1
  Use: Scroll            |     1 |     9 |     7 |       ||    17
       Potion            |       |       |       |     1 ||     1
  Eat: Chunk             |     1 |    25 |    20 |     2 ||    48
Armor: Scale mail        |    61 |   114 |       |       ||   175
       Leather armour    |       |    60 |   156 |    30 ||   246
Dodge: Dodged            |    49 |   216 |   286 |    45 ||   596
Block: Shield            |    69 |   252 |   261 |    36 ||   618
